 Dungeon Crawl Stone Soup version 0.32-a0-872-g59262bdc9b (webtiles) character file.

Game seed: 9715035863453369378

13016 pokeman the Eclecticist (level 11, -23/63 HPs)
             Began as a Deep Elf Hedge Wizard on Mar 30, 2024.
             Was a Believer of Vehumet.
             Annihilated by a boulder beetle (33 damage)
             ... on level 12 of the Dungeon.
             The game lasted 00:22:33 (13241 turns).

pokeman the Eclecticist (Deep Elf Hedge Wizard)    Turns: 13241, Time: 00:22:34

Health: -23/63     AC:  7    Str:  9    XL:     11   Next: 70%
Magic:  15/42      EV: 12    Int: 24    God:    Vehumet [**....]
Gold:   885        SH:  0    Dex: 14    Spells: 31/42 levels left

rFire   + . .        j - +8 quarterstaff of Vosof {flame, Str+2}
rCold   + . .        (shield currently unavailable)
rNeg    . . .        Q - +1 robe {rC+ rF+}
rPois   +            q - +0 helmet
rElec   .            s - +0 cloak
rCorr   .            (no gloves)
SInv    .            C - +0 pair of boots
Will    +....        (no amulet)
Stlth   ++           h - ring of magical power
HPRegen 0.30/turn    F - ring of poison resistance
MPRegen 0.28/turn

%: no passive effects
@: no status effects
A: no striking features
a: Renounce Religion


You were on level 12 of the Dungeon.
You worshipped Vehumet.
Vehumet was pleased with you.
You visited 2 branches of the dungeon, and saw 13 of its levels.
You also visited: Ossuary.

You collected 885 gold pieces.

Inventory:

Hand Weapons
 j - the +8 quarterstaff of Vosof (weapon) {flame, Str+2}
   (You found it on level 2 of the Dungeon)

   Str+2:     It affects your strength (+2).
 o - the +8 sling of Haxkenko {heavy, Fly}
   (You found it on level 3 of the Dungeon)

   Fly:       It grants you flight.
 r - a +3 quarterstaff of chaos
Missiles
 A - 2 throwing nets
 P - a curare-tipped dart
Armour
 q - a +0 helmet (worn)
 s - a +0 cloak (worn)
 C - a +0 pair of boots (worn)
 Q - a +1 robe of resistance (worn)
Magical Staves
 a - a staff of air
Jewellery
 h - a ring of magical power (left hand)
 n - a ring of wizardry
 u - an amulet of guardian spirit
 z - a ring of magical power
 F - a ring of poison resistance (right hand)
 T - a +6 ring of dexterity
Wands
 k - a wand of flame (29)
 m - a wand of polymorph (24)
 x - a wand of mindburst (17)
 B - a wand of acid (7)
 J - a wand of paralysis (17)
 R - a wand of warping (14)
Scrolls
 c - 2 scrolls of vulnerability {unknown}
 e - 2 scrolls of fog {unknown}
 g - a scroll of immolation {unknown}
 i - 15 scrolls of identify {unknown}
 l - 7 scrolls of teleportation {unknown}
 t - 2 scrolls of revelation {unknown}
 w - 2 scrolls of poison {unknown}
 y - 3 scrolls of acquirement {unknown}
 E - 2 scrolls of fear {unknown}
 G - 2 scrolls of noise {unknown}
 H - 2 scrolls of enchant armour {unknown}
 U - a scroll of amnesia {unknown}
Potions
 b - 4 potions of haste {unknown}
 d - a potion of magic
 f - 2 potions of mutation {unknown}
 p - 12 potions of curing {unknown}
 v - 5 potions of degeneration {unknown}
 D - 3 potions of might {unknown}
 I - 2 potions of heal wounds {unknown}
 K - 2 potions of invisibility {unknown}
 L - a potion of enlightenment {unknown}
 M - 2 potions of lignification {unknown}
 N - a potion of brilliance {unknown}
 O - 3 potions of cancellation {unknown}
 S - a potion of attraction {unknown}


   Skills:
 - Level 5.0 Fighting
 + Level 4.5 Armour
 - Level 3.0 Dodging
 - Level 3.0 Stealth
 * Level 16.1 Spellcasting
 + Level 9.2 Conjurations
 - Level 1.1 Summonings
 - Level 1.1 Translocations
 - Level 1.1 Air Magic
 + Level 8.5 Earth Magic
 - Level 1.2 Alchemy
 - Level 1.0 Evocations


You had 31 spell levels left.
You knew the following spells:

 Your Spells              Type           Power      Damage    Failure   Level
a - Magic Dart            Conj           100%       1d8       1%          1
b - Mephitic Cloud        Conj/Alch/Air  37%        N/A       1%          3
c - Call Imp              Summ           48%        N/A       2%          2
d - Blink                 Tloc           48%        N/A       2%          2
e - Stone Arrow           Conj/Erth      100%       3d13      1%          3

Your spell library contained the following spells:

 Spells                   Type           Power      Damage    Failure   Level
 Mercury Vapours          Alch/Air       50%        N/A       2%          2
 Apportation              Tloc           48%        N/A       1%          1
 Sandblast                Erth           100%       2d20      1%          1
 Sting                    Conj/Alch      100%       1d9       1%          1
 Summon Small Mammal      Summ           96%        N/A       1%          1
 Searing Ray              Conj           100%       2d8       1%          2
 Brom's Barrelling Bould  Conj/Erth      58%        2d7       1%          4
 Necrotise                Necr           76%        1d7       2%          1
 Slow                     Hex            76%        N/A       2%          1
 Cigotuvi's Dreadful Rot  Necr/Alch/Air  46%        N/A       3%          2
 Fulminant Prism          Conj/Alch      22%        3d12      3%          4
 Vampiric Draining        Necr           19%        2d7       9%          3
 Martyr's Knell           Necr/Summ      22%        N/A       22%         4
 Curse of Agony           Necr           19%        N/A       61%         5


Dungeon Overview and Level Annotations

Branches:
Dungeon (12/15)            Temple (1/1) D:4            Lair (0/5) D:8
    Orc (0/2) D:9         Ossuary (visited)

Altars:
Ashenzari
Cheibriados
Dithmenos
Elyvilon
Fedhas
Gozag
Hepliaklqana
Kikubaaqudgha
Makhleb
Nemelex Xobeh
Okawaru
Qazlal
Ru
Sif Muna
Trog
Uskayaw
Vehumet
Wu Jian
Xom
Yredelemnul
Zin
The Shining One

Shops:
D:3 [   D:5 =   D:10 =

Annotations:
D:12 2 transporters, Cum Hyx's ghost, journeyman DESu


Message History

The kobold demonologist is engulfed in noxious fumes.
The kobold demonologist appears confused.
The kobold shouts!
Casting: Mephitic Cloud (safe; 1% risk of failure)
Confirm with . or Enter, or press ? or * to list all spells.
Aiming: Mephitic Cloud (safe; 1% risk of failure)
Press: ? - help, Shift-Dir - straight line, p - kobold The ball explodes into a vile cloud!
The stinking cloud engulfs the boulder beetle.
You hear a shout!
The kobold is engulfed in noxious fumes.
The kobold appears confused.
The kobold barely misses something.
The kobold is engulfed in noxious fumes.
The kobold appears confused.
The boulder beetle is engulfed in noxious fumes.
The boulder beetle curls into a ball and begins rolling!
The kobold is engulfed in noxious fumes.
The kobold appears confused.
The boulder beetle is engulfed in noxious fumes.
The kobold demonologist hits the kobold with a +0 dagger.
The boulder beetle is engulfed in noxious fumes.
The boulder beetle appears confused.
There is a stone staircase leading up here.
Casting: Mephitic Cloud (safe; 1% risk of failure)
Confirm with . or Enter, or press ? or * to list all spells.
Aiming: Magic Dart (safe; 1% risk of failure)
Press: ? - help, Shift-Dir - straight line, f - kobold
Aim: a kobold, wielding a +0 short sword (severely wounded, confused, 100% to hit)
The magic dart hits the kobold.
You kill the kobold!
Vehumet accepts your kill.
The boulder beetle is engulfed in noxious fumes.
The kobold demonologist hits something with a +0 dagger.
Vehumet accepts your kill.
You feel a bit more experienced.
Unknown command.
The kobold demonologist closely misses something.
The boulder beetle hits you!!
Ouch! That really hurt!
You die...

..... #.K..#
$.... #....#
....# #.○..#
#..#########)K..#
#.....○§...)....#
#.#
#....☼§☼........#
#.#
#.....§§°...?.###
#.#
#.......○.....#
#.+
#.....@B......#
#.#
#.............#
####.#
#.######......#
.....##+###.+
#......#
........<...+
#......#
............#
#......#
............#
#....###
............# ..#
..######....#


You could see a boulder beetle (rolling, confused) and a kobold demonologist
(confused).

Vanquished Creatures
  3 two-headed ogres
  A boulder beetle (D:12)
  Pikel (D:5)
  A cyclops (D:11)
  An ugly thing (D:11)
  Maurice (D:8)
  A manticore (D:11)
  Joseph (D:8)
  2 trolls (D:9)
  Grinder (D:6)
  Sigmund (D:3)
  The ghost of pokeman the Magician, an amateur DEHW (D:5)
  A shadow (D:11)
  8 yaks (D:10)
  3 wyverns
  A basilisk (D:11)
  5 vampire mosquitoes
  2 orc warriors
  2 water moccasins (D:7)
  A black bear (D:7)
  An ice beast (D:8)
  2 ogres (D:6)
  2 wolves (D:8)
  4 centaurs
  2 phantoms
  4 kobold brigands
  A gnoll sergeant (D:5)
  13 scorpions
  8 wights
  6 killer bees
  3 howler monkeys
  3 bombardier beetles
  5 hounds
  A jelly (D:6)
  Crazy Yiuf (D:3)
  3 gnoll boudas
  10 orc priests
  Terence (D:2)
  4 iguanas
  Natasha (thrice) (D:2)
  9 orc wizards
  8 mummies (Ossuary)
  24 gnolls
  12 adders
  A shadow imp (D:4)
  4 white imps
  5 dart slugs
  A ribbon worm (D:2)
  18 orcs
  4 bats
  5 endoplasms
  4 giant cockroaches
  A gnoll zombie (Ossuary)
  7 goblins
  4 hobgoblins
  4 jackals (D:1)
  18 kobolds
  2 quokkas (D:4)
  4 ball pythons
  5 frilled lizards
  5 hobgoblin zombies (Ossuary)
  A kobold zombie (Ossuary)
  An orc zombie (Ossuary)
  2 rats
  A butterfly (D:5)
265 creatures vanquished.

Vanquished Creatures (collateral kills)
  A scorpion (D:5)
  A giant cockroach (D:5)
2 creatures vanquished.

Vanquished Creatures (others)
  A scorpion (D:5)
1 creature vanquished.

Grand Total: 268 creatures vanquished

Notes
Turn   | Place    | Note
-------+----------+-------------------------------------------
     0 | D:1      | pokeman the Deep Elf Hedge Wizard began the quest for the
                  | Orb.
     0 | D:1      | Reached XP level 1. HP: 10/10 MP: 7/7
   302 | D:1      | Reached XP level 2. HP: 7/16 MP: 0/9
   934 | D:2      | Reached skill level 5 in Spellcasting
   964 | D:2      | Noticed Natasha
   974 | D:2      | Killed Natasha
   975 | D:2      | Reached skill level 1 in Fighting
   975 | D:2      | Reached XP level 3. HP: 10/20 MP: 10/11
   979 | D:2      | Reached skill level 1 in Armour
   983 | D:2      | Learned a level 3 spell: Mephitic Cloud
   986 | D:2      | Learned a level 2 spell: Call Imp
   989 | D:2      | Learned a level 2 spell: Blink
  1046 | D:2      | Noticed Natasha
  1055 | D:2      | Killed Natasha
  1056 | D:2      | Reached XP level 4. HP: 24/25 MP: 10/13
  1724 | D:2      | Identified the +8 quarterstaff of Vosof {flame, Str+2}
  1752 | D:2      | Found a sacrificial altar of Ru.
  1771 | D:2      | Noticed Terence
  1780 | D:2      | Killed Terence
  1781 | D:2      | Reached skill level 6 in Spellcasting
  1781 | D:2      | Reached XP level 5. HP: 15/29 MP: 15/15
  1912 | D:2      | Noticed Natasha
  1923 | D:2      | Killed Natasha
  2744 | D:3      | Found Vumem's Armour Shop.
  2794 | D:3      | Identified the +8 sling of Haxkenko {heavy, Fly}
  2866 | D:3      | Found an iron altar of Okawaru.
  2879 | D:3      | Noticed Sigmund
  2887 | D:3      | Killed Sigmund
  2888 | D:3      | Reached skill level 8 in Spellcasting
  2888 | D:3      | Reached XP level 6. HP: 34/34 MP: 19/19
  3072 | D:3      | Found a runed translucent door.
  3073 | D:3      | Noticed Crazy Yiuf
  3082 | D:3      | Killed Crazy Yiuf
  3389 | D:3      | Learned a level 3 spell: Stone Arrow
  3463 | D:4      | Found a sacrificial altar of Ru.
  3531 | D:4      | Reached XP level 7. HP: 19/38 MP: 3/20
  3771 | D:4      | Found a shimmering blue altar of Sif Muna.
  3772 | D:4      | Found a blossoming altar of Fedhas.
  3834 | D:4      | Reached skill level 1 in Evocations
  3886 | D:4      | Found a sparkling altar of Nemelex Xobeh.
  4169 | D:4      | Found a staircase to the Ecumenical Temple.
  4175 | Temple   | Entered the Ecumenical Temple
  4259 | D:5      | Entered Level 5 of the Dungeon
  4294 | D:5      | Reached skill level 1 in Air Magic
  4294 | D:5      | Reached skill level 1 in Earth Magic
  4294 | D:5      | Reached skill level 1 in Alchemy
  4452 | D:5      | Found a runed translucent door.
  4457 | D:5      | Found a runed translucent door.
  4576 | D:5      | Found a runed translucent door.
  4636 | D:5      | Reached skill level 9 in Spellcasting
  4716 | D:5      | Noticed pokeman's ghost (amateur DEHW)
  4819 | D:5      | Found Kecvuher's Jewellery Shoppe.
  5462 | D:5      | Noticed Pikel
  5474 | D:5      | Killed Pikel
  5475 | D:5      | Reached skill level 10 in Spellcasting
  5475 | D:5      | Reached XP level 8. HP: 44/44 MP: 14/24
  5718 | D:5      | Reached skill level 5 in Conjurations
  5727 | D:5      | Reached skill level 11 in Spellcasting
  5870 | D:5      | Killed pokeman's ghost
  5871 | D:5      | Reached XP level 9. HP: 41/48 MP: 23/26
  6499 | D:6      | Noticed Grinder
  6511 | D:6      | Killed Grinder
  6512 | D:6      | Reached skill level 12 in Spellcasting
  6512 | D:6      | Reached skill level 5 in Earth Magic
  7311 | D:7      | Found a sand-covered staircase.
  7320 | Ossuary  | Entered an ossuary
  8185 | D:7      | Reached XP level 10. HP: 56/56 MP: 28/28
  8213 | D:7      | Reached skill level 13 in Spellcasting
  8719 | D:8      | Found an ancient bone altar of Kikubaaqudgha.
  9048 | D:8      | Found a staircase to the Lair.
  9152 | D:8      | Noticed Joseph
  9161 | D:8      | Killed Joseph
  9366 | D:8      | Noticed Maurice
  9371 | D:8      | Killed Maurice
  9414 | D:8      | Found a snail-covered altar of Cheibriados.
  9414 | D:8      | Found a broken altar of Ashenzari.
  9420 | D:8      | Found a white marble altar of Elyvilon.
  9421 | D:8      | Found a glowing silver altar of Zin.
  9424 | D:8      | Found a radiant altar of Vehumet.
  9425 | D:8      | Found a shimmering altar of Xom.
  9425 | D:8      | Found a basalt altar of Yredelemnul.
  9429 | D:8      | Became a worshipper of Vehumet
  9431 | D:8      | Found an opulent altar of Gozag.
  9787 | D:9      | Reached skill level 14 in Spellcasting
  9833 | D:9      | Found a staircase to the Orcish Mines.
 10241 | D:9      | Noticed a two-headed ogre
 10253 | D:9      | Killed a two-headed ogre
 10476 | D:9      | Reached skill level 5 in Fighting
 10505 | D:9      | Reached * piety under Vehumet
 10505 | D:9      | Offered knowledge of Kiss of Death by Vehumet.
 11051 | D:10     | Entered Level 10 of the Dungeon
 11107 | D:10     | Reached XP level 11. HP: 63/63 MP: 31/31
 11251 | D:10     | Reached skill level 15 in Spellcasting
 11615 | D:10     | Found Fyogg's Jewellery Emporium.
 11725 | D:10     | Found an ornate altar of the Wu Jian Council.
 11798 | D:10     | Noticed a two-headed ogre
 11803 | D:10     | Killed a two-headed ogre
 12242 | D:11     | Noticed a red ugly thing
 12249 | D:11     | Killed a red ugly thing
 12466 | D:11     | Offered knowledge of Mercury Vapours by Vehumet.
 13148 | D:12     | Noticed a two-headed ogre
 13155 | D:12     | Killed a two-headed ogre
 13156 | D:12     | Reached skill level 16 in Spellcasting
 13171 | D:12     | Found a transporter.
 13172 | D:12     | Noticed Cum Hyx's ghost (journeyman DESu)
 13173 | D:12     | Found a transporter.
 13173 | D:12     | Noticed a two-headed ogre
 13173 | D:12     | Noticed a two-headed ogre
 13175 | D:12     | Noticed a two-headed ogre
 13214 | D:12     | Noticed a boulder beetle
 13226 | D:12     | Killed a boulder beetle
 13228 | D:12     | Reached ** piety under Vehumet
 13234 | D:12     | Noticed a boulder beetle
 13241 | D:12     | Annihilated by a boulder beetle

Illustrated notes

Levels and vault maps discovered:
D:1:      minmay_arrival_checkered_box, layout_rooms, grunt_decor_one_mirror
D:2:      layout_loops_corners, serial_forest, infiniplex_forest_straight_2,
          infiniplex_forest_lined_2, infiniplex_forest_lined_1,
          infiniplex_forest_lined_2, infiniplex_forest_clump_small,
          infiniplex_forest_straight_2, infiniplex_forest_clump_long,
          basic_altar, uniq_natasha, uniq_terence
D:3:      layout_basic, mainiacjoe_overflow_chevrons, serial_shops, shop_statue,
          uniq_sigmund, uniq_crazy_yiuf_cottage
D:4:      layout_cave_pools, nicolae_overflow_squiral, lemuel_round_altar,
          mainiacjoe_overflow_small_starburst, minmay_temple_entry_fiery
D:5:      lemuel_insect_pit, layout_layer_cave, ebering_ghost_sewer_d,
          grunt_ministairs_13, roderic_serpentine_path,
          minmay_shop_enchanted_jewellery, uniq_pikel
D:6:      minmay_spotlight, layout_basic, uniq_grinder
D:7:      layout_loops_cross, lightli_ossuary_entry_decrepit_ruins
D:8:      layout_basic, nicolae_overflow_hallway_of_the_gods,
          mainiacjoe_overflow_24_doors, erik_lair_orcish_takeover,
          minmay_sticks_and_stones, uniq_maurice
D:9:      layout_basic, orc_0_dummy
D:10:     layout_stronghold, kennysheep_little_box, serial_shops,
          nicolae_shop_waterfront, minivault_26
D:11:     layout_long_grid
D:12:     layout_irregular_city, gammafunk_ghost_smash, gauntlet_entry_generic,
          minmay_fractal_squares_gapless_7
Temple:   nicolae_temple_little_seven

Skill      XL: |  1  2  3  4  5  6  7  8  9 10 11 |
---------------+----------------------------------+-----
Spellcasting   | 5 6 8 10 11 12 14 16 | 16.1
Fighting       | 1 2 3 5 |  5.0
Armour         | 1 2 3 4 |  4.5
Conjurations   | 2 3 4 5 6 8 9 |  9.2
Stealth        | 3 |  3.0
Dodging        | 3 |  3.0
Evocations     | 1 |  1.0
Air Magic      | 1 |  1.1
Earth Magic    | 3 4 5 7 8 |  8.5
Alchemy        | 1 |  1.2
Summonings     | |  1.1
Translocations | |  1.1

Action                     |  1- 3 |  4- 6 |  7- 9 | 10-12 || total
---------------------------+-------+-------+-------+-------++-------
  Melee: Dagger            |    14 |    13 |       |       ||    27
         Quarterstaff      |       |    20 |    43 |    39 ||   102
   Cast: Magic Dart        |    71 |   116 |    90 |    18 ||   295
         Mephitic Cloud    |     1 |    11 |    13 |    15 ||    40
         Call Imp          |       |     1 |       |     1 ||     2
         Blink             |       |     1 |       |       ||     1
         Stone Arrow       |       |       |    94 |   146 ||   240
   Stab: Confused          |       |     2 |     2 |     5 ||     9
 Armour: Robe              |    25 |    26 |    45 |    74 ||   170
  Dodge: Dodged            |    33 |    22 |    27 |    52 ||   134

Table legend: (Time is in decaauts)
 A = Elapsed time spent in this place.
 B = Non-inter-level travel time spent in this place.
 C = Inter-level travel time spent in this place.
 D = Time resting spent in this place.
 E = Time spent auto-exploring this place.
 F = Levels seen in this place.
 G = Mean time per level.
                   A        B        C        D        E       F      G
               +--------+--------+--------+--------+--------+-----+--------+
         Total |  13282 |  12814 |    468 |    322 |  10726 |  14 |  948.7 |
       Dungeon |  12823 |  12356 |    467 |    322 |  10362 |  12 | 1068.6 |
        Temple |      4 |      3 |      1 |      0 |      0 |   1 |    4.0 |
       Ossuary |    455 |    455 |      0 |      0 |    364 |   1 |  455.0 |
               +--------+--------+--------+--------+--------+-----+--------+

Top non-repeatable levels by time:
     D:5: 1768 daAuts
     D:2: 1448 daAuts
     D:9: 1268 daAuts
     D:6: 1178 daAuts
    D:10: 1170 daAuts
     D:3: 1164 daAuts
     D:7: 1160 daAuts
     D:1: 929 daAuts
    D:11: 920 daAuts
     D:8: 909 daAuts
     D:4: 798 daAuts
 Ossuary: 455 daAuts
    D:12: 106 daAuts
  Temple: 4 daAuts
